 Dungeon Crawl Stone Soup version 0.29.0-11-gd7f09526c8 (webtiles) character file.

Game seed: 7808278114349020343

53 doricub5 the Shooter (level 3, -13/31 HPs)
             Began as a Hill Orc Hunter on Sept 3, 2022.
             Mangled by an ogre
             ... wielding a +0 giant club
              (30 damage)
             ... on level 2 of the Dungeon.
             The game lasted 00:04:25 (1421 turns).

doricub5 the Shooter (Hill Orc Hunter)              Turns: 1421, Time: 00:04:25

Health: -13/31     AC:  5    Str: 13    XL:     3   Next: 89%
Magic:  3/3        EV: 11    Int:  9    God:
Gold:   99         SH:  0    Dex: 16    Spells: 2/2 levels left

rFire   . . .      SeeInvis .   a - +0 shortbow
rCold   . . .      Faith    .   (shield currently unavailable)
rNeg    . . .      Spirit   .   m - +0 ring mail
rPois   .          Reflect  .   (no helmet)
rElec   .          Harm     .   (no cloak)
rCorr   .          Rampage  .   (no gloves)
Will    .....                   (no boots)
Stlth   +.........              (no amulet)
HPRegen 0.10/turn               (no ring)
MPRegen 0.08/turn               (no ring)

@: no status effects
A: no striking features
a: no special abilities


You were on level 2 of the Dungeon.
You visited 1 branch of the dungeon, and saw 2 of its levels.

You collected 99 gold pieces.

Inventory:

Hand Weapons
 a - a +0 shortbow (weapon)
Armour
 c - a +0 leather armour
 m - a +0 ring mail (worn)
Scrolls
 b - a scroll of immolation
 e - a scroll of teleportation {unknown}
 h - a scroll of butterflies {unknown}
 l - a scroll of enchant weapon {unknown}
Potions
 d - a potion of degeneration {unknown}
 f - 2 potions of brilliance {unknown}
 g - a potion of cancellation {unknown}
 i - a potion of curing {unknown}
 j - a potion of resistance {unknown}


   Skills:
 * Level 3.6 Fighting
 + Level 3.9 Ranged Weapons
 + Level 2.0 Dodging
 + Level 1.5 Stealth


You had 2 spell levels left.
You didn't know any spells.
Your spell library contained the following spells:

 Spells                   Type           Power      Damage    Failure   Level
 Magic Dart               Conj           0%         1d3       65%         1
 Searing Ray              Conj           0%         2d4       80%         2
 Call Canine Familiar     Summ           0%         N/A       95%         3
 Portal Projectile        Hex/Tloc       0%         N/A       95%         3
 Fulminant Prism          Conj/Hex       0%         3d6       100%        4
 Leda's Liquefaction      Hex/Erth       0%         N/A       100%        4


Dungeon Overview and Level Annotations

Branches:
Dungeon (2/15)

Altars:


Message History

You shoot an arrow. The arrow hits the jackal!
You kill the jackal!
You shoot an arrow. The arrow barely misses the jackal.
You shoot an arrow. The arrow hits the jackal.
You kill the jackal!
No target in view!
You see here a jackal corpse.
You now have 99 gold pieces (gained 4).
You see here a jackal corpse.
There is an open door here.
Found 7 stones.
A worm comes into view.
You shoot an arrow. The arrow hits the worm.
The worm is lightly wounded.
You shoot an arrow.
The arrow hits the worm but does no damage.
The worm is lightly wounded.
You shoot an arrow. The arrow hits the worm!
The worm is heavily wounded.
You shoot an arrow. The arrow barely misses the worm.
You shoot an arrow. The arrow hits the worm!
The worm is almost dead.
You shoot an arrow. The arrow hits the worm!
You kill the worm!
An ogre comes into view. It is wielding a +0 giant club.
Found a stone staircase leading up.
You shoot an arrow.
The arrow hits the ogre but does no damage.
The ogre shouts!
You shoot an arrow.
The arrow hits the ogre but does no damage.
The ogre barely misses you.
You shoot an arrow. The arrow hits the ogre.
The ogre is lightly wounded.
The ogre hits you with a +0 giant club!
You shoot an arrow. The arrow hits the ogre!
The ogre is heavily wounded.
The ogre hits you with a +0 giant club!!
Ouch! That really hurt!
You die...

### #######.#
..#.....# #.#
#.#.###.#### #####.#
#.#.#...@O.# ...##.#
#.#.#.#.##.# ##.##.#
#.#...#.#..# ##.##.#
#.#...#.#....<#
.#.##.#
#.....#.#######
...##.#####...#..
...##.#.......########
......#.##............
..#####.##.###########


You could see an ogre.

Vanquished Creatures
  An adder (D:2)
  2 worms (D:2)
  A dart slug (D:1)
  2 endoplasms
  2 giant cockroaches (D:1)
  2 hobgoblins (D:1)
  6 jackals
  2 kobolds
  2 quokkas
  5 ball pythons (D:1)
  3 bats
  2 goblins (D:1)
  4 rats
34 creatures vanquished.

Notes
Turn   | Place    | Note
-------+----------+-------------------------------------------
     0 | D:1      | doricub5 the Hill Orc Hunter began the quest for the Orb.
     0 | D:1      | Reached XP level 1. HP: 18/18 MP: 1/1
   109 | D:1      | Reached skill level 1 in Stealth
   116 | D:1      | Reached XP level 2. HP: 8/25 MP: 2/2
   723 | D:1      | Reached XP level 3. HP: 31/31 MP: 3/3
  1414 | D:2      | Noticed an ogre
  1421 | D:2      | Mangled by an ogre

Illustrated notes

Levels and vault maps discovered:
D:1:      psy_arrival_radial02, layout_basic
D:2:      layout_basic

Skill      XL: |  1  2  3 |
---------------+----------+-----
Stealth        | 1 |  1.5
Fighting       | 3 |  3.6
Dodging        | 2 |  2.0
Ranged Weapons | |  3.9

Action                   || total
-------------------------++-------
 Fire: Shortbow          ||   101
Armor: Leather armour    ||    13
Dodge: Dodged            ||    32
